 Dungeon Crawl Stone Soup version bcrawl-1.28.5 (webtiles) character file.

Game seed: 8309667667538186141

349385 Pixllover the Cruncher (level 10, 0/139 HPs)
             Began as a Minotaur Berserker on Jan 24, 2021.
             Was a High Priest of Trog.
             Slain by an orc warrior
             ... wielding a +0 flail
              (7 damage)
             ... in the Orcish Mines.
             The game lasted 00:33:55 (8856 turns).

Pixllover the Cruncher (Minotaur Berserker)         Turns: 8856, Time: 00:33:55

Health: 0/139      AC: 13    Str: 29    XL:     10   Next: 91%
Magic:  18/18      EV: 13    Int:  7    God:    Trog [*****.]
Gold:   1176       SH:  0    Dex: 11    Spells: 9/9 levels left

rFire    . . .     SeeInvis +   o - +6 quarterstaff (chaos)
rCold    + + +     Gourm    .   (shield currently unavailable)
rNeg     + . .     Faith    .   n - +1 ring mail of Light {rPois MP+9 Str+5 Dex-2}
rPois    +         Spirit   .   (helmet restricted)
rElec    +         Reflect  .   A - +2 ratskin cloak {+Rats rN+}
rCorr    .         Harm     .   (no gloves)
MR       +....                  k - +0 pair of boots
Stlth    ..........             (no amulet)
HPRegen  1.00/turn              x - ring "Joinu" {rElec MR- Dex+2 Stlth--}
MPRegen  0.16/turn              D - ring of the Dripping Hero {rPois rC+++ Str-5 Int+3 SInv}

@: berserking, regenerating, studying Staves, very quick
A: retaliatory headbutt, horns 2, talons 1, mutation resistance 1, inhibited
regeneration
a: Berserk, Trog's Hand, Brothers in Arms, Renounce Religion, Evoke Ratskin


You were in the Orcish Mines.
You worshipped Trog.
Trog was extremely pleased with you.
You were hungry.

You visited 2 branches of the dungeon, and saw 9 of its levels.

You collected 1280 gold pieces.
You spent 104 gold pieces at shops.

Inventory:

Hand Weapons
 o - a +6 quarterstaff of chaos (weapon)
Missiles
 c - 23 needles of confusion (quivered)
Armour
 k - a +0 pair of boots (worn)
 n - the +1 ring mail of Light (worn) {rPois MP+9 Str+5 Dex-2}
   (You took it off a gnoll sergeant on level 5 of the Dungeon)

   It affects your strength (+5).
   It affects your dexterity (-2).
   It protects you from poison.
   It affects your magic capacity (+9).
 A - the +2 ratskin cloak (worn) {+Rats rN+}
   (You found it on level 8 of the Dungeon)

   It protects you from negative energy.
Jewellery
 x - the ring "Joinu" (left hand) {rElec MR- Dex+2 Stlth--}
   (You found it on level 8 of the Dungeon)

   [ring of attention]

   It affects your dexterity (+2).
   It insulates you from electricity.
   It affects your resistance to hostile enchantments.
   It makes you much less stealthy.
 C - an uncursed ring of stealth {unknown}
 D - the ring of the Dripping Hero (right hand) {rPois rC+++ Str-5 Int+3 SInv}
   (You found it on level 5 of the Dungeon)

   [ring of intelligence]

   It affects your strength (-5).
   It affects your intelligence (+3).
   It renders you almost immune to cold.
   It protects you from poison.
   It lets you see invisible.
Wands
 a - a wand of iceblast (6)
 r - a wand of flame (17)
 B - a wand of digging (1)
Scrolls
 b - a scroll of fear
 g - 3 scrolls of fog
 h - a scroll of noise {unknown}
 i - a scroll of blinking
 l - 4 scrolls of teleportation
 m - 5 scrolls of remove curse
 s - a scroll of brand weapon {unknown}
 v - 4 scrolls of enchant weapon
 y - 2 scrolls of immolation {unknown}
 E - a scroll of enchant armour {unknown}
Potions
 d - 4 potions of heal wounds
 f - 4 potions of curing
 t - a potion of berserk rage {unknown}
 u - 2 potions of might
 z - a potion of haste {unknown}
Books
 w - a manual of Staves
Comestibles
 e - 13 rations {!d}
 j - a chunk of flesh


   Skills:
 + Level 9.9 Fighting
   Level 5.1(10.3) Maces & Flails
 + Level 13.5(13.8) Staves
 + Level 9.9 Armour
 + Level 4.3 Dodging
 + Level 3.5 Stealth
 + Level 0.7 Evocations


You had 9 spell levels left.
You didn't know any spells.
Your spell library was empty.

Dungeon Overview and Level Annotations

Branches:
Dungeon (8/12)             Temple (0/1) D:7             Orc (1/1) D:8
    Elf (0/3) Orc
   Lair: D:7-9

Altars:
Ashenzari
Cheibriados
Dithmenos
Elyvilon
Gozag
Hepliaklqana
Lugonu
Nemelex Xobeh
Okawaru
Qazlal
Ru
Sif Muna
Trog
Uskayaw
Xom
Zin

Shops:
D:7 ?   Orc *

Portals:
Trove: D:8 (give +3 steam dragon scales)


Innate Abilities, Weirdness & Mutations

You reflexively headbutt those who attack you in melee.
You have a pair of horns on your head.
You have sharp toenails.
You are somewhat resistant to further mutation.
You do not regenerate when monsters are visible.


Message History

Your skin crawls.
You feel resistant to hostile enchantments.
You are feeling hungry.
The orc completely misses you. The orc hits you with a +0 club.
* * * LOW HITPOINT WARNING * * *
A red film seems to cover your vision as you go berserk!
You feel yourself moving faster!
You feel mighty!
You feel a lot more hungry. The orc priest misses you.
The orc warrior closely misses you. You furiously retaliate!
You headbutt the orc warrior.
The orc warrior hits you with a +0 flail.
* * * LOW HITPOINT WARNING * * *
You hit the orc warrior but do no damage.
The orc warrior glows bright viridian for a moment.
The orc warrior is heavily wounded.
The orc closely misses you. The orc misses you. The orc priest misses you.
You furiously retaliate!
You headbutt the orc priest!!
You kill the orc priest!
Trog accepts your kill.
The orc warrior hits you with a +0 flail!
You die...

### ########
##.###..#.#.##
##............#
##.............#
#...#........###
##..............#
##.......#....)@o#
#.......#.....ooo#
##.##.......#..o##
####..#........o#
#.............#.
##..............oooo
#....#..........o... #
###...................
###...............#.#o#.


You could see 2 orc warriors, an orc priest and 3 orcs.

Vanquished Creatures
  A two-headed ogre (Orc)
  2 orc sorcerers (Orc)
  A centaur skeleton (D:8)
  The ghost of dcsswall the Cudgeler, a novice VSFi (D:5)
  A troll (Orc)
  The ghost of petercordia the Stinger, an amateur OnNe (D:3)
  A hippogriff (D:6)
  A spriggan (D:8)
  A yak (D:5)
  2 wargs (Orc)
  4 sky beasts
  A black bear (D:8)
  An ice beast (D:8)
  6 orc warriors
  2 ogres
  A boggart (shapeshifter) (D:5)
  5 centaurs
  4 bullfrogs
  3 big kobolds
  2 gnoll sergeants (D:5)
  3 scorpions
  5 killer bees
  2 crimson imps
  2 jellies
  11 orc priests
  A gnoll shaman (D:5)
  2 hounds (D:4)
  Crazy Yiuf (D:2)
  12 orc wizards
  An iguana (D:8)
  4 worker ants
  3 hell rats (D:8)
  2 gnolls (D:5)
  3 river rats (D:8)
  11 adders
  4 oozes
  2 adder skeletons
  6 worms
  3 dart slugs
  4 leopard geckos
  37 orcs
  2 giant cockroaches (D:1)
  8 goblins
  12 hobgoblins
  7 jackals
  3 quokkas
  A ball python (D:2)
  12 bats
  2 frilled lizards
  21 kobolds
  22 rats
250 creatures vanquished.

Vanquished Creatures (collateral kills)
  A gnoll sergeant (D:5)
  5 gnolls (D:5)
6 creatures vanquished.

Vanquished Creatures (others)
  An acid dragon (D:7)
  3 plants (D:5)
4 creatures vanquished.

Grand Total: 260 creatures vanquished

Notes
Turn   | Place    | Note
-------+----------+-------------------------------------------
     0 | D:1      | Pixllover the Minotaur Berserker began the quest for the
                  | Orb.
     0 | D:1      | Reached XP level 1. HP: 19/19 MP: 0/0
   186 | D:1      | Reached XP level 2. HP: 27/27 MP: 1/1
   708 | D:2      | Reached XP level 3. HP: 33/33 MP: 2/2
   813 | D:2      | Reached ** piety under Trog
  1035 | D:2      | Found a runed door.
  1039 | D:2      | Noticed Crazy Yiuf
  1047 | D:2      | Killed Crazy Yiuf
  1048 | D:2      | Reached XP level 4. HP: 22/41 MP: 3/3
  1253 | D:3      | Reached skill level 5 in Maces & Flails
  1420 | D:3      | Reached skill level 1 in Staves
  1553 | D:3      | Found a runed translucent gate.
  1553 | D:3      | Found a runed translucent gate.
  1553 | D:3      | Found a runed translucent gate.
  1553 | D:3      | Found an opulent altar of Gozag.
  1565 | D:3      | Noticed petercordia's ghost (amateur OnNe)
  1787 | D:3      | Reached XP level 5. HP: 46/47 MP: 4/4
  2123 | D:4      | Reached skill level 5 in Fighting
  2123 | D:4      | Reached skill level 3 in Staves
  2142 | D:4      | Reached *** piety under Trog
  2146 | D:4      | Reached XP level 6. HP: 29/56 MP: 5/5
  2191 | D:4      | Found an iron altar of Okawaru.
  2526 | D:4      | Reached skill level 4 in Staves
  2588 | D:4      | Found a corrupted altar of Lugonu.
  2597 | D:4      | Found a bloodstained altar of Trog.
  2606 | D:4      | Found a snail-covered altar of Cheibriados.
  2615 | D:4      | Found a white marble altar of Elyvilon.
  2624 | D:4      | Found a hide-covered altar of Uskayaw.
  2629 | D:4      | Found a shadowy altar of Dithmenos.
  2634 | D:4      | Found a shattered altar of Ashenzari.
  2738 | D:4      | Noticed a sky beast
  2747 | D:4      | Killed a sky beast
  2894 | D:4      | Reached skill level 5 in Staves
  3071 | D:5      | Entered Level 5 of the Dungeon
  3125 | D:5      | Reached XP level 7. HP: 34/61 MP: 6/6
  3195 | D:5      | Found a shimmering altar of Xom.
  3197 | D:5      | Found a hazy altar of Hepliaklqana.
  3197 | D:5      | Noticed a yak
  3198 | D:5      | Noticed a yak
  3198 | D:5      | Noticed a spectral ugly thing
  3235 | D:5      | Noticed a yak
  3243 | D:5      | Killed a yak
  3244 | D:5      | Reached skill level 6 in Staves
  3261 | D:5      | Reached skill level 5 in Armour
  3275 | D:5      | Reached skill level 7 in Staves
  3302 | D:5      | Found a transporter.
  3303 | D:5      | Identified the +1 ring mail of Light {rPois MP+9 Str+5
                  | Dex-2}
  3311 | D:5      | Noticed dcsswall's ghost (novice VSFi)
  3436 | D:5      | Found a transporter.
  3637 | D:5      | Found a shimmering blue altar of Sif Muna.
  3668 | D:5      | Reached XP level 8. HP: 64/70 MP: 7/7
  3829 | D:3      | Killed petercordia's ghost
  3830 | D:3      | Reached skill level 8 in Staves
  3999 | D:6      | Reached skill level 1 in Stealth
  4021 | D:6      | Reached **** piety under Trog
  4064 | D:6      | Reached skill level 9 in Staves
  4388 | D:6      | Found a stormy altar of Qazlal.
  4400 | D:6      | Found a sacrificial altar of Ru.
  4420 | D:6      | Found a sparkling altar of Nemelex Xobeh.
  4589 | D:6      | Noticed a hippogriff
  4596 | D:6      | Killed a hippogriff
  4597 | D:6      | Reached XP level 9. HP: 78/79 MP: 8/8
  4694 | D:6      | Reached skill level 10 in Staves
  5115 | D:7      | Found Inuava's Magic Scroll Boutique.
  5184 | D:7      | Bought a scroll of remove curse for 42 gold pieces
  5589 | D:7      | Found an opulent altar of Gozag.
  5624 | D:7      | Found a glowing silver altar of Zin.
  5663 | D:7      | Found a staircase to the Ecumenical Temple.
  6418 | D:8      | Reached skill level 11 in Staves
  6433 | D:8      | Found a staircase to the Orcish Mines.
  6592 | D:8      | Found a portal to a secret trove of treasure.
  6601 | D:8      | Got a coiled bronze ring
  6716 | D:8      | Reached ***** piety under Trog
  6739 | D:8      | Found the +2 ratskin cloak {+Rats rN+}
  6771 | D:8      | Identified the ring "Joinu" {rElec MR- Dex+2 Stlth--} (You
                  | found it on level 8 of the Dungeon)
  6965 | D:8      | Reached XP level 10. HP: 90/90 MP: 9/9
  7420 | D:5      | Killed dcsswall's ghost
  7499 | D:5      | Got a wavering marble ring
  7560 | D:5      | Identified the ring of the Dripping Hero {rPois rC+++ Str-5
                  | Int+3 SInv} (You found it on level 5 of the Dungeon)
  7674 | Orc      | Entered the Orcish Mines
  7709 | Orc      | Noticed a two-headed ogre
  7719 | Orc      | Killed a two-headed ogre
  7720 | Orc      | Reached skill level 12 in Staves
  7840 | Orc      | Found Ahuzog's Assorted Antiques.
  7856 | Orc      | Received a gift from Trog
  7884 | Orc      | Bought a pink potion for 29 gold pieces
  7884 | Orc      | Bought a scroll labeled BOZIAG XOEMISI for 33 gold pieces
  7884 | Orc      | Gained mutation: You have sharp toenails. [potion of
                  | mutation]
  7884 | Orc      | Gained mutation: You do not regenerate when monsters are
                  | visible. [potion of mutation]
  7884 | Orc      | Gained mutation: You are somewhat resistant to further
                  | mutation. [potion of mutation]
  7897 | Orc      | Found a staircase to the Elven Halls.
  8149 | Orc      | Noticed an orc sorcerer
  8161 | Orc      | Killed an orc sorcerer
  8165 | Orc      | Reached skill level 13 in Staves
  8366 | Orc      | Noticed an orc sorcerer
  8370 | Orc      | Paralysed by an orc sorcerer for 3 turns
  8375 | Orc      | Killed an orc sorcerer
  8856 | Orc      | Slain by an orc warrior

Skill      XL: |  1  2  3  4  5  6  7  8  9 10 |
---------------+-------------------------------+-----
Maces & Flails | 4 5 |  5.1
Fighting       | 4 5 6 7 8 9 |  9.9
Armour         | 3 4 5 6 8 9 |  9.9
Staves         | 1 3 5 7 9 11 13 | 13.5
Stealth        | 1 2 3 |  3.5
Dodging        | 3 4 |  4.3
Evocations     | |  0.7

Action                   |  1- 3 |  4- 6 |  7- 9 | 10-12 || total
-------------------------+-------+-------+-------+-------++-------
Melee: Mace              |    65 |       |       |       ||    65
       Headbutt          |    14 |    20 |    35 |    21 ||    90
       Quarterstaff      |       |   124 |   210 |   130 ||   464
Invok: Berserk           |       |       |     1 |     1 ||     2
       Trog's Hand       |       |       |     1 |     1 ||     2
       Brothers in Arms  |       |       |       |     1 ||     1
Evoke: Wand              |       |       |     3 |       ||     3
  Use: Scroll            |     2 |     2 |     8 |       ||    12
       Potion            |       |       |     2 |     2 ||     4
 Stab: Paralysed         |       |     1 |     2 |     1 ||     4
       Confused          |       |       |     1 |     2 ||     3
  Eat: Chunk             |     2 |    10 |    10 |     8 ||    30
       Ration            |       |       |     2 |       ||     2
Armor: Animal skin       |     5 |       |       |       ||     5
       Chain mail        |    32 |    90 |   130 |    25 ||   277
       Ring mail         |       |       |       |    40 ||    40
Dodge: Dodged            |    40 |    61 |    84 |    98 ||   283
